Map: Site Delta LE

Players

Reynor - Winner!

  • Race: Zerg Zerg
  • League: Master
  • Spawn Location: 5:00

ShoWTimE

  • Race: Protoss Protoss
  • League: Master
  • Spawn Location: 11:00

VOD

Have the link to the VOD?

Description

Time

  • Played on: Dec. 28, 2023, 9:50 a.m.
  • Length: 12:48
Show
View Real Time Build Order
Export as new Build Order

Reynor Zerg - Winner!

Build Orders: Hatch First, Lurkers 

Get SALT Encoding   

  12  0:00  Drone  
  13  0:12  Overlord  
  13  0:17  Drone  
  14  0:30  Drone x2  
  14  0:34  Drone  
  17  0:52  Hatchery  
  17  0:54  Drone  
  17  0:57  Drone  
  18  1:07  Extractor  
  17  1:12  Spawning Pool  
  17  1:15  Drone  
  17  1:18  Drone  
  18  1:27  Drone  
  19  1:38  Drone  
  20  1:48  Overlord  
  20  1:58  Queen  
  22  2:03  Queen  
  22  2:04  Drone x2  
  26  2:11  Zergling x2  
  26  2:14  Drone  
  26  2:15  Metabolic Boost  
  28  2:21  Drone  
  29  2:25  Zergling x2  
  30  2:31  Drone  
  31  2:39  Queen  
  33  2:45  Hatchery  
  33  2:47  Zergling x2  
  33  2:50  Overlord  
  33  2:54  Zergling x2  
  33  2:56  Drone  
  35  2:58  Drone  
  36  3:08  Drone x2, Queen  
  36  3:12  Zergling x2  
  41  3:14  Overlord  
  41  3:17  Drone  
  42  3:21  Drone x2  
  42  3:26  Overlord  
  44  3:32  Queen  
  44  3:34  Drone  
  47  3:36  Drone  
  47  3:40  Overlord  
  48  3:41  Drone  
  48  3:42  Drone  
  48  3:46  Drone  
  48  3:47  Drone x2  
  48  3:48  Drone  
  54  3:54  Queen  
  56  3:58  Drone x2  
  56  3:59  Drone  
  59  4:03  Drone  
  59  4:06  Drone  
  59  4:09  Queen  
  63  4:10  Spore Crawler  
  63  4:14  Zergling x6  
  65  4:19  Spore Crawler  
  65  4:20  Drone x2  
  65  4:21  Drone  
  65  4:23  Drone  
  68  4:25  Overlord  
  68  4:27  Drone  
  68  4:29  Drone  
  70  4:31  Drone x2  
  70  4:33  Drone  
  70  4:36  Spore Crawler  
  70  4:37  Drone  
  73  4:40  Drone  
  73  4:43  Spore Crawler  
  73  4:44  Overlord  
  71  4:46  Drone  
  72  4:53  Drone x2  
  72  4:54  Drone  
  72  4:55  Drone x2  
  72  4:56  Drone x2  
  74  5:01  Spore Crawler  
  74  5:02  Drone x2  
  74  5:05  Drone  
  77  5:12  Drone x2  
  79  5:17  Hatchery, Evolution Chamber  
  79  5:18  Roach Warren, Drone  
  77  5:21  Drone x3  
  77  5:25  Lair  
  77  5:27  Overlord  
  80  5:31  Extractor  
  80  5:32  Drone x3, Extractor  
  80  5:34  Drone x3  
  83  5:36  Drone  
  83  5:39  Drone  
  84  5:43  Overlord, Extractor  
  84  5:45  Drone  
  84  5:48  Drone x2  
  86  5:51  Drone  
  86  5:52  Overlord  
  87  5:58  Drone x3, Extractor  
  87  5:59  Drone x2  
  87  6:00  Drone x3, Extractor  
  93  6:10  Overlord, Zerg Missile Weapons Level 1  
  93  6:11  Drone x2  
  93  6:16  Drone  
  93  6:17  Drone x2  
  98  6:21  Overlord  
  98  6:22  Drone  
  98  6:24  Drone x4, Spire  
  101  6:30  Zergling x2, Roach x3  
  108  6:36  Hatchery, Zergling x2, Spore Crawler, Extractor, Roach x2  
  108  6:37  Extractor  
  109  6:41  Roach  
  109  6:45  Drone  
  109  6:46  Zergling x2, Infestation Pit, Roach x2  
  109  6:47  Zergling x4  
  118  6:49  Overlord  
  118  6:50  Roach  
  120  6:54  Drone  
  120  6:55  Drone  
  120  6:56  Overlord  
  122  7:01  Overlord  
  122  7:02  Roach x2  
  122  7:04  Overlord  
  126  7:13  Drone  
  126  7:14  Overlord  
  126  7:28  Overseer  
  126  7:36  Mutalisk x7  
  126  7:37  Mutalisk x3  
  126  7:38  Mutalisk  
  126  7:40  Drone x5  
  126  7:42  Overlord  
  150  7:44  Glial Reconstitution  
  150  7:49  Hive  
  149  7:57  Overlord  
  149  7:59  Roach x8  
  165  8:07  Hydralisk Den  
  165  8:10  Roach x4  
  165  8:11  Roach x2  
  176  8:13  Overlord  
  176  8:18  Zerg Missile Weapons Level 2  
  176  8:22  Roach x3  
  176  8:23  Roach x2  
  186  8:27  Ravager  
  186  8:29  Overlord  
  187  8:37  Ravager x3  
  187  8:39  Zergling x4, Hydralisk  
  187  8:40  Zergling x6  
  197  8:42  Overlord  
  197  8:46  Ravager  
  194  8:49  Zergling x12  
  200  8:57  Lurker Den  
  200  9:01  Ravager  
  193  9:16  Zergling x6, Roach x7  
  193  9:17  Zergling x8  
  199  9:19  Zergling x2, Roach x2  
  199  9:20  Zergling x6  
  174  9:32  Hydralisk x3  
  174  9:33  Hydralisk x3  
  174  9:36  Zergling x4, Hydralisk x2  
  180  9:53  Zergling x24  
  180  9:55  Hydralisk x4  
  180  9:56  Hydralisk x3  
  187  10:00  Seismic Spines  
  187  10:05  Hydralisk x3  
  187  10:06  Hydralisk x6  
  185  10:11  Muscular Augments  
  180  10:15  Zergling x18, Roach x4  
  180  10:21  Roach  
  184  10:29  Extractor, Roach x3  
  184  10:30  Roach x4  
  184  10:32  Extractor  
  191  10:41  Lurker x3  
  192  10:43  Lurker  
  192  10:45  Zergling x6, Roach x2  
  199  10:52  Lurker  
  199  10:55  Lurker  
  197  10:59  Lurker  
  190  11:09  Zergling x14  
  190  11:10  Zergling x8  
  183  11:11  Hatchery  
  183  11:12  Hydralisk x8  
  183  11:16  Roach x4  
  172  11:22  Hydralisk, Roach x3  
  172  11:23  Roach  
  172  11:25  Zergling x12  
  178  11:29  Lurker  
  178  11:30  Lurker  
  180  11:33  Overseer  
  180  11:35  Lurker  
  180  11:38  Hydralisk x2  
  174  11:47  Zergling x20  
  169  11:55  Hydralisk x5  
  169  12:00  Hydralisk x3  
  176  12:05  Hydralisk x2  
  167  12:10  Hydralisk x2  
  167  12:11  Hydralisk  
  167  12:14  Hydralisk x2  
Show
View Real Time Build Order
Export as new Build Order

ShoWTimE Protoss 

Build Orders: 1 Gate Expand, Oracle Opening, Archon Immortal 

Get SALT Encoding   

  12  0:00  Probe  
  13  0:12  Probe  
  14  0:19  Pylon  
  14  0:24  Probe  
  15  0:37  Probe (Chrono Boost)  
  15  0:40  Gateway  
  16  0:47  Probe (Chrono Boost)  
  16  0:48  Assimilator  
  17  0:52  Probe (Chrono Boost)  
  18  1:04  Probe  
  19  1:16  Probe  
  20  1:25  Nexus  
  20  1:35  Cybernetics Core  
  20  1:37  Probe  
  21  1:43  Assimilator  
  21  1:49  Probe  
  21  1:51  Pylon  
  22  2:01  Probe  
  23  2:08  Adept (Chrono Boost)  
  23  2:13  Probe  
  26  2:23  Stargate  
  26  2:26  Probe  
  26  2:29  Adept (Chrono Boost)  
  29  2:38  Probe (Chrono Boost)  
  29  2:40  Warp Gate  
  29  2:44  Probe (Chrono Boost)  
  31  2:47  Probe (Chrono Boost)  
  31  2:51  Adept, Probe (Chrono Boost)  
  33  2:52  Probe (Chrono Boost)  
  36  3:02  Probe  
  36  3:04  Probe  
  38  3:05  Oracle (Chrono Boost)  
  41  3:14  Probe  
  41  3:16  Probe, Pylon  
  43  3:21  Adept  
  43  3:26  Probe  
  46  3:27  Gateway  
  46  3:34  Probe  
  47  3:38  Oracle (Chrono Boost), Probe  
  47  3:39  Pylon  
  48  3:46  Probe  
  52  3:50  Probe  
  53  3:58  Probe  
  53  4:00  Nexus  
  55  4:02  Probe  
  55  4:05  Pylon  
  55  4:07  Oracle (Chrono Boost)  
  55  4:10  Probe  
  59  4:17  Assimilator, Probe  
  59  4:19  Assimilator  
  59  4:22  Probe  
  61  4:25  Pylon  
  61  4:28  Adept x2  
  65  4:32  Probe  
  65  4:34  Probe  
  65  4:36  Robotics Facility  
  67  4:44  Probe  
  68  4:46  Probe  
  69  4:56  Probe  
  69  4:58  Sentry x2, Probe  
  62  5:08  Forge, Probe (Chrono Boost)  
  62  5:11  Gateway  
  65  5:14  Gateway  
  65  5:16  Probe x2 (Chrono Boost)  
  65  5:19  Probe (Chrono Boost)  
  66  5:22  Adept x2  
  66  5:23  Probe (Chrono Boost)  
  66  5:25  Probe x2 (Chrono Boost), Immortal (Chrono Boost)  
  77  5:28  Probe (Chrono Boost)  
  77  5:35  Probe x2  
  80  5:40  Probe  
  80  5:42  Pylon  
  81  5:43  Protoss Ground Weapons Level 1 (Chrono Boost)  
  81  5:47  Probe x2  
  81  5:49  Phoenix  
  83  5:52  Assimilator, Probe  
  83  5:56  Assimilator, Warp Prism (Chrono Boost)  
  81  5:58  Pylon  
  81  5:59  Probe x2  
  81  6:04  Twilight Council  
  85  6:05  Gateway  
  85  6:06  Gateway  
  85  6:10  Probe  
  86  6:13  Photon Cannon  
  86  6:20  Gateway  
  86  6:22  Gateway  
  86  6:23  Probe  
  87  6:30  Stalker x3  
  87  6:32  Immortal (Chrono Boost)  
  97  6:37  Charge (Chrono Boost)  
  97  6:43  Templar Archives  
  97  6:46  Gateway  
  97  6:51  Pylon  
  97  6:54  Nexus  
  97  7:03  Probe x3  
  97  7:07  Immortal (Chrono Boost)  
  104  7:13  Photon Cannon  
  104  7:14  Photon Cannon  
  104  7:15  Photon Cannon  
  104  7:16  Shield Battery, Phoenix  
  104  7:20  Photon Cannon  
  104  7:22  High Templar x4  
  114  7:23  Phoenix  
  114  7:25  Photon Cannon  
  114  7:27  Archon x2  
  114  7:29  Shield Battery  
  114  7:37  Probe x2  
  114  7:38  Photon Cannon  
  114  7:40  Assimilator, Probe  
  114  7:42  Protoss Ground Weapons Level 2 (Chrono Boost)  
  117  7:45  Assimilator  
  117  7:47  Immortal  
  117  7:55  Pylon  
  117  7:58  Pylon  
  117  7:59  Pylon  
  117  8:03  Pylon  
  117  8:05  Probe  
  117  8:10  Photon Cannon  
  118  8:13  Probe  
  118  8:15  Probe  
  118  8:16  Photon Cannon  
  118  8:19  Psionic Storm  
  120  8:20  Phoenix (Chrono Boost)  
  120  8:24  Shield Battery  
  120  8:26  Shield Battery  
  120  8:27  High Templar x2  
  120  8:28  Probe  
  120  8:31  Archon  
  123  8:34  Stalker x5  
  123  8:36  Phoenix (Chrono Boost)  
  134  8:43  Stalker x2  
  134  8:45  Probe  
  134  8:46  Probe  
  134  8:47  Probe  
  141  8:50  Probe  
  142  9:00  Phoenix (Chrono Boost)  
  142  9:14  Zealot x3  
  142  9:15  Zealot x5  
  150  9:17  Zealot  
  150  9:20  Immortal (Chrono Boost)  
  140  9:28  Probe  
  126  9:33  Probe x3  
  126  9:34  High Templar  
  126  9:35  High Templar x3  
  134  9:40  Probe  
  134  9:45  Probe  
  136  9:52  Zealot x5, Immortal (Chrono Boost)  
  140  9:57  Archon x2  
  138  10:06  High Templar  
  140  10:13  Robotics Facility  
  134  10:14  High Templar x2  
  134  10:15  High Templar  
  134  10:18  Zealot x5  
  134  10:19  Archon x2  
  150  10:21  Immortal (Chrono Boost)  
  150  10:25  Gateway  
  144  10:39  Zealot x6  
  152  10:44  Probe  
  152  10:48  Immortal (Chrono Boost)  
  152  10:50  High Templar x3  
  162  10:57  Shield Battery  
  162  10:58  Shield Battery  
  162  11:00  Shield Battery  
  162  11:04  Immortal (Chrono Boost)  
  162  11:05  Pylon  
  162  11:07  Zealot x3  
  162  11:08  Archon  
  162  11:11  Zealot x3  
  158  11:15  Immortal (Chrono Boost)  
  138  11:23  Zealot x2  
  138  11:24  Zealot x2  
  134  11:28  Shield Battery, High Templar x3  
  134  11:29  Pylon  
  134  11:32  Archon, High Templar, Immortal (Chrono Boost)  
  146  11:33  Zealot x2  
  146  11:39  Pylon  
  150  11:42  Archon  
  150  11:45  Zealot x4  
  150  11:47  Immortal  
  130  11:56  Zealot x2  
  130  12:01  Zealot  
  133  12:05  Zealot x2  
  133  12:08  Observer  
  122  12:10  Zealot x5  
Tags
 
Add a new tag
Caveats
  • Supply blocks, unpowered buildings, or Contaminate may cause inaccurate times.
  • Supply counts are checked every 10 seconds.